Maple Leafs vs Devils
Created - March 18, 2024 at 19:02
Goals
|
| Maple Leafs |
1 |
1 |
3 |
0 |
2 |
6 |
| Devils |
3 |
0 |
2 |
0 |
0 |
5 |
|
Shots
|
| Maple Leafs |
5 |
4 |
17 |
0 |
2 |
26 |
| Devils |
17 |
3 |
9 |
2 |
2 |
31 |
|
1st period
1. Devils , Ondrej Kase 14 (Sean Monahan 32, Matt Donovan 22) at 3:20
2. Devils , Ondrej Kase 15 (Brandon Carlo 17, Sean Monahan 33) at 7:07
3. Devils , Tyler Ennis 45 (Nazem Kadri 52, Kristopher Letang 18) at 11:34
4. Maple Leafs , Evander Kane 22 (Andre Burakovsky 39, Pontus Aberg 12) at 19:06
Penalties :
Evander Kane (TOR) for Holding (Minor) at 7:16
2nd period
5. Maple Leafs , John Klingberg 8 (Ben Smith 26, Aleksander Barkov 24) at 2:18
Penalties :
Anton Stralman (N.J) for Roughing (Double Minor) at 2:25, Michael Del Zotto (N.J) for Tripping (Minor) at 8:39, Tye McGinn (TOR) for Diving (Minor) at 11:23, Evander Kane (TOR) for Holding (Minor) at 17:50
3rd period
6. Maple Leafs , Ben Smith 20 (Zach Werenski 30, John Klingberg 26) at 0:34
7. Maple Leafs , Pontus Aberg 7 (Elias Pettersson 18, Tye McGinn 6) at 1:10
8. Devils , Michael Del Zotto 8 (Tyler Ennis 47, Nazem Kadri 53) at 3:01
9. Maple Leafs , Andre Burakovsky 25 (Bo Horvat 43, Evander Kane 33) at 5:51
10. Devils , Brandon Carlo 2 (Nick Palmieri 28, Tyler Ennis 48) at 19:04
Penalties :
Evander Kane (TOR) for Interference (Minor) at 6:36, Nicholas Baptiste (TOR) for Roughing (Minor) at 12:10
Overtime #1
No Goal
Penalties :
No Penalty
Shootout
Maple Leafs, Evander Kane - Goal!
Devils, Tyler Ennis - Stopped by Pavel Francouz
Maple Leafs, Ben Smith - Goal!
Devils, Sean Monahan - Stopped by Pavel Francouz
Penalties :
No Penalty
Goalie Stats
Pavel Francouz (TOR), 26 saves from 31 shots - (0.839), W, 8-7-3, 65:00 minutes
Jonathan Quick (N.J), 21 saves from 26 shots - (0.808), OTL, 24-10-7, 64:52 minutes
Players Stats for Maple Leafs
Player Name G A P +/- PIM S H SB GA TA FO MP PP MP PK MP
------------------------------------------------------------------------------------
Aleksander Barkov 0 1 1 0 0 0 5 0 0 1 3/6 13:24 0:21 0:16
Andre Burakovsky 1 1 2 1 0 6 0 0 0 0 2/2 17:16 2:45 0:00
Ben Smith 1 1 2 -1 0 2 3 3 1 1 0/0 20:36 2:20 5:04
Bo Horvat 0 1 1 1 0 2 1 0 2 1 9/21 22:13 2:34 2:09
Brandon Saad 0 0 0 -1 0 1 1 0 0 0 0/0 9:51 0:58 2:31
Brenden Dillon 0 0 0 -2 0 0 1 2 0 0 0/0 11:29 0:10 0:00
Elias Pettersson 0 1 1 1 0 2 1 0 1 0 3/6 15:32 2:20 2:31
Evander Kane 1 1 2 0 6 5 3 2 0 1 3/6 22:30 2:44 2:16
Haydn Fleury 0 0 0 -2 0 1 0 2 0 0 0/0 11:28 0:10 0:06
Jason Zucker 0 0 0 0 0 2 1 0 0 2 0/0 18:30 2:20 2:14
John Klingberg 1 1 2 0 0 1 2 2 0 0 0/0 30:00 3:06 6:05
Jon Merrill 0 0 0 0 0 1 1 0 0 1 0/0 25:18 3:06 6:11
Luke Schenn 0 0 0 2 0 0 1 1 0 0 0/0 19:41 2:42 3:44
Nicholas Baptiste 0 0 0 -1 2 1 1 0 0 0 1/1 6:37 0:43 0:00
Patrice Cormier 0 0 0 -1 0 0 0 0 0 1 4/5 8:57 0:00 2:49
Pontus Aberg 1 1 2 1 0 1 1 0 0 0 0/0 10:50 0:00 0:00
Tye McGinn 0 1 1 0 2 1 1 0 0 0 1/1 13:53 0:49 0:00
Zach Werenski 0 1 1 2 0 0 0 1 2 0 0/0 26:55 2:42 3:44
Players Stats for Devils
Player Name G A P +/- PIM S H SB GA TA FO MP PP MP PK MP
------------------------------------------------------------------------------------
Anton Lander 0 0 0 -1 0 1 0 0 0 1 2/4 9:57 0:00 2:38
Anton Stralman 0 0 0 -1 4 1 1 3 1 0 0/0 16:57 0:00 0:56
Brandon Carlo 1 1 2 1 0 4 2 0 0 0 0/0 19:17 0:00 2:55
Brayden Point 0 0 0 -1 0 1 4 0 1 0 3/4 17:28 5:21 0:34
Eric Tangradi 0 0 0 -1 0 0 1 1 0 0 0/0 8:09 0:00 1:15
Jonathan Huberdeau 0 0 0 2 0 1 1 1 0 0 0/0 18:22 4:27 0:00
Kristopher Letang 0 1 1 0 0 1 4 1 0 1 0/0 25:13 5:30 1:34
Logan Shaw 0 0 0 -1 0 1 0 0 0 1 0/1 13:56 0:07 2:38
Matt Donovan 0 1 1 0 0 0 0 1 0 2 0/0 21:09 4:25 2:45
Michael Del Zotto 1 0 1 0 2 2 0 2 0 0 0/0 21:42 5:30 0:55
Nail Yakupov 0 0 0 -1 0 0 1 0 0 0 0/0 7:10 0:00 0:00
Nazem Kadri 0 2 2 0 0 3 4 1 1 0 11/28 23:01 5:28 1:50
Nick Palmieri 0 1 1 0 0 2 1 1 0 0 1/1 16:56 0:07 1:11
Ondrej Kase 2 0 2 2 0 4 2 1 1 0 1/1 17:00 4:27 0:00
Sean Monahan 0 2 2 2 0 1 0 0 2 0 4/7 18:24 4:27 0:00
Sven Baertschi 0 0 0 -1 0 1 0 0 0 0 0/1 10:28 0:00 0:00
Thomas Hickey 0 0 0 0 0 0 0 2 0 1 0/0 20:44 4:25 2:51
Tyler Ennis 1 2 3 0 0 8 0 0 2 0 0/1 23:07 5:21 1:50
3 Stars
1 - Ondrej Kase (N.J)
2 - Pontus Aberg (TOR)
3 - John Klingberg (TOR)
Power Play
Maple Leafs - 0 on 3 Attempt(s) - 0.00%
Devils - 0 on 5 Attempt(s) - 0.00%
Penalty Kill
Maple Leafs - 5 on 5 Attempt(s) - 100.00%
- Score 0 goal in Penalty Kill
Devils - 3 on 3 Attempt(s) - 100.00%
- Score 0 goal in Penalty Kill
Team Stat
Maple Leafs - Hits : 23 - Faceoff Wins : 26 - Blocked Shots : 13 - Penalty Minutes : 10
Devils - Hits : 21 - Faceoff Wins : 22 - Blocked Shots : 14 - Penalty Minutes : 6
Official
Referees : Brandon Schrader and TJ Luxmore
Linesman : Derek Amell and Devin Berg
Game Notes
No Game Note
Finance
Level 1 -- Attendance: 6000 (100.00%) -- Ticket Income $600,000
Level 2 -- Attendance: 5000 (100.00%) -- Ticket Income $300,000
Level 3 -- Attendance: 1920 (96.00%) -- Ticket Income $67,200
Level 4 -- Attendance: 3614 (90.35%) -- Ticket Income $90,350
Luxury Box -- Attendance: 1000 (100.00%) -- Ticket Income $200,000
Game was played at the Prudential Center.
Total Attendance: 17534 (97.41%)
Total Ticket Income: $1,257,550
Other Income: $188,632
Total Income: $1,446,182
Maple Leafs
5 vs 5 Forward
Center Left Wing Right Wing Time % Phy DF OF
1 Bo Horvat Evander Kane Andre Burakovsky 40 1 2 2
2 Aleksander Barkov Jason Zucker Ben Smith 30 1 2 2
3 Elias Pettersson Tye McGinn Pontus Aberg 20 1 2 2
4 Patrice Cormier Brandon Saad Nicholas Baptiste 10 1 2 2
5 vs 5 Defense
Defense Defense Time % Phy DF OF
1 Zach Werenski John Klingberg 40 1 2 2
2 Jon Merrill Luke Schenn 30 1 2 2
3 Brenden Dillon Haydn Fleury 20 1 2 2
4 John Klingberg Jon Merrill 10 1 2 2
PowerPlay Forward
Center Left Wing Right Wing Time % Phy DF OF
1 Bo Horvat Evander Kane Andre Burakovsky 60 1 2 2
2 Elias Pettersson Jason Zucker Ben Smith 40 1 2 2
PowerPlay Defense
Defense Defense Time % Phy DF OF
1 Jon Merrill John Klingberg 60 1 2 2
2 Zach Werenski Luke Schenn 40 1 2 2
Penalty Kill 4 Players Forward
Center Wing Time % Phy DF OF
1 Evander Kane Ben Smith 60 1 2 2
2 Bo Horvat Jason Zucker 40 1 2 2
Penalty Kill 4 Players Defense
Defense Defense Time % Phy DF OF
1 Jon Merrill John Klingberg 60 1 2 2
2 Zach Werenski Luke Schenn 40 1 2 2
Penalty Kill - 3 Players Forward
Forward Time % Phy DF OF
1 Evander Kane 60 1 2 2
2 Ben Smith 40 1 2 2
Penalty Kill - 3 Players Defense
Defense Defense Time % Phy DF OF
1 Jon Merrill John Klingberg 60 1 2 2
2 Zach Werenski Luke Schenn 40 1 2 2
4 vs 4 Forward
Center Wing Time % Phy DF OF
1 Evander Kane Ben Smith 60 1 2 2
2 Bo Horvat Jason Zucker 40 1 2 2
4 vs 4 Defense
Defense Defense Time % Phy DF OF
1 Jon Merrill John Klingberg 60 1 2 2
2 Zach Werenski Luke Schenn 40 1 2 2
Last Minutes Offensive
Center Left Wing Right Wing Defense Defense
Bo Horvat Evander Kane Andre Burakovsky Jon Merrill John Klingberg
Last Minutes Defensive
Center Left Wing Right Wing Defense Defense
Bo Horvat Evander Kane Ben Smith Jon Merrill John Klingberg
Goaltenders
Starting : Pavel Francouz
Backup : Kristers Gudlevskis
Extra Forwards
Normal : Tye McGinn, Brandon Saad, Patrice Cormier - PP : Tye McGinn, Brandon Saad - PK : Patrice Cormier
Extra Defensemen
Normal : Brenden Dillon, Haydn Fleury, Zach Werenski - PP : Brenden Dillon - PK : Haydn Fleury, Zach Werenski
Penalty Shots
Evander Kane, Ben Smith, Bo Horvat, Jason Zucker, Aleksander Barkov
Custom OT Lines Forwards
Evander Kane, Ben Smith, Bo Horvat, Jason Zucker, Aleksander Barkov, Tye McGinn, Brandon Saad, Patrice Cormier, Pontus Aberg, Elias Pettersson
Custom OT Lines Defensemen
Jon Merrill, John Klingberg, Zach Werenski, Luke Schenn, Brenden Dillon
Scratches
Brett Pesce (Healthy), Valentin Zykov (Healthy)
Devils
5 vs 5 Forward
Center Left Wing Right Wing Time % Phy DF OF
1 Nazem Kadri Tyler Ennis Nick Palmieri 36 0 2 3
2 Sean Monahan Jonathan Huberdeau Ondrej Kase 28 0 2 3
3 Brayden Point Sven Baertschi Logan Shaw 22 0 2 3
4 Anton Lander Eric Tangradi Nail Yakupov 14 0 2 3
5 vs 5 Defense
Defense Defense Time % Phy DF OF
1 Anton Stralman Kristopher Letang 38 1 3 1
2 Brandon Carlo Michael Del Zotto 32 1 3 1
3 Matt Donovan Thomas Hickey 30 1 3 1
4 Brandon Carlo Kristopher Letang 0 1 3 1
PowerPlay Forward
Center Left Wing Right Wing Time % Phy DF OF
1 Nazem Kadri Tyler Ennis Brayden Point 60 0 0 5
2 Sean Monahan Jonathan Huberdeau Ondrej Kase 40 0 0 5
PowerPlay Defense
Defense Defense Time % Phy DF OF
1 Michael Del Zotto Kristopher Letang 60 0 2 3
2 Thomas Hickey Matt Donovan 40 0 2 3
Penalty Kill 4 Players Forward
Center Wing Time % Phy DF OF
1 Anton Lander Logan Shaw 60 1 3 1
2 Nazem Kadri Tyler Ennis 40 1 3 1
Penalty Kill 4 Players Defense
Defense Defense Time % Phy DF OF
1 Brandon Carlo Anton Stralman 60 1 4 0
2 Matt Donovan Thomas Hickey 40 1 4 0
Penalty Kill - 3 Players Forward
Forward Time % Phy DF OF
1 Nazem Kadri 60 0 4 1
2 Sean Monahan 40 0 4 1
Penalty Kill - 3 Players Defense
Defense Defense Time % Phy DF OF
1 Brandon Carlo Anton Stralman 60 1 4 0
2 Matt Donovan Kristopher Letang 40 1 4 0
4 vs 4 Forward
Center Wing Time % Phy DF OF
1 Nazem Kadri Tyler Ennis 60 0 2 3
2 Sean Monahan Jonathan Huberdeau 40 0 2 3
4 vs 4 Defense
Defense Defense Time % Phy DF OF
1 Anton Stralman Kristopher Letang 60 0 3 2
2 Brandon Carlo Michael Del Zotto 40 0 3 2
Last Minutes Offensive
Center Left Wing Right Wing Defense Defense
Nazem Kadri Tyler Ennis Nick Palmieri Brandon Carlo Kristopher Letang
Last Minutes Defensive
Center Left Wing Right Wing Defense Defense
Nazem Kadri Tyler Ennis Nick Palmieri Brandon Carlo Kristopher Letang
Goaltenders
Starting : Jonathan Quick
Backup : Thomas McCollum
Extra Forwards
Normal : Brayden Point, Nail Yakupov, Logan Shaw - PP : Nick Palmieri, Brayden Point - PK : Nick Palmieri
Extra Defensemen
Normal : Anton Stralman, Brandon Carlo, Michael Del Zotto - PP : Anton Stralman - PK : Anton Stralman, Thomas Hickey
Penalty Shots
Tyler Ennis, Sean Monahan, Nazem Kadri, Nick Palmieri, Brayden Point
Custom OT Lines Forwards
Nazem Kadri, Tyler Ennis, Jonathan Huberdeau, Sean Monahan, Brayden Point, Nick Palmieri, Logan Shaw, Ondrej Kase, Anton Lander, Nail Yakupov
Custom OT Lines Defensemen
Brandon Carlo, Kristopher Letang, Michael Del Zotto, Anton Stralman, Matt Donovan
Scratches
Damon Severson (Healthy), Miikka Salomaki (Healthy), Calvin Pickard (Healthy)
% Time on Ice - Maple Leafs
Lines # - Real PCT - Wanted PCT - Time Play
Normal Forward
1 - 34% - 40% - 14:51
2 - 29% - 30% - 12:48
3 - 25% - 20% - 10:50
4 - 12% - 10% - 5:19
Normal Defense
1 - 44% - 40% - 19:12
2 - 29% - 30% - 12:41
3 - 23% - 20% - 10:13
4 - 4% - 10% - 1:42
PP Forward
1 - 61% - 60% - 3:38
2 - 39% - 40% - 2:20
PP Defense
1 - 55% - 60% - 3:16
2 - 45% - 40% - 2:42
PK Forward
1 - 78% - 60% - 7:46
2 - 22% - 40% - 2:09
PK Defense
1 - 62% - 60% - 6:11
2 - 38% - 40% - 3:44
PK3 Forward
1 - 0% - 60%
2 - 0% - 40%
PK3 Defense
1 - 0% - 60%
2 - 0% - 40%
44 Forward
1 - 0% - 60%
2 - 0% - 40%
44 Defense
1 - 0% - 60%
2 - 0% - 40%
Last Minute Offensive - 0:00
Last Minute Defensive - 0:19
Total
Forward - 60:00
Defense - 60:00
|
% Time on Ice - Devils
Lines # - Real PCT - Wanted PCT - Time Play
Normal Forward
1 - 32% - 36% - 14:07
2 - 28% - 28% - 12:23
3 - 24% - 22% - 10:28
4 - 16% - 14% - 6:51
Normal Defense
1 - 38% - 38% - 16:52
2 - 33% - 32% - 14:33
3 - 28% - 30% - 12:24
4 - 0% - 0% - 0:00
PP Forward
1 - 55% - 60% - 5:28
2 - 45% - 40% - 4:27
PP Defense
1 - 55% - 60% - 5:30
2 - 45% - 40% - 4:25
PK Forward
1 - 69% - 60% - 4:08
2 - 31% - 40% - 1:50
PK Defense
1 - 82% - 60% - 4:55
2 - 18% - 40% - 1:03
PK3 Forward
1 - 0% - 60%
2 - 0% - 40%
PK3 Defense
1 - 0% - 60%
2 - 0% - 40%
44 Forward
1 - 0% - 60%
2 - 0% - 40%
44 Defense
1 - 0% - 60%
2 - 0% - 40%
Last Minute Offensive - 0:18
Last Minute Defensive - 0:00
Total
Forward - 60:00
Defense - 60:00
|
Play-by-Play
1st period
0:01 of 1st period - Nazem Kadri wins face-off versus Bo Horvat in neutral zone.
0:03 of 1st period - Off-side.
0:04 of 1st period - Bo Horvat wins face-off versus Nazem Kadri in neutral zone.
0:19 of 1st period - Evander Kane is hit by Nazem Kadri and loses puck.
0:58 of 1st period - Slapshot by John Klingberg.
0:58 of 1st period - Shot Hit the Post.
1:36 of 1st period - Snap shot by Nazem Kadri.
1:36 of 1st period - Shot Blocked by Haydn Fleury.
1:38 of 1st period - Wrist shot by Nick Palmieri.
1:38 of 1st period - Deflect By Tyler Ennis.
1:38 of 1st period - Stopped by Pavel Francouz with a rebound.
1:40 of 1st period - Slapshot by Michael Del Zotto.
1:40 of 1st period - Shot Hit the Post.
3:20 of 1st period - Snap shot by Ondrej Kase.
3:20 of 1st period - Goal by Ondrej Kase - Maple Leafs : 0 - Devils : 1.
3:21 of 1st period - Nazem Kadri wins face-off versus Bo Horvat in neutral zone.
3:32 of 1st period - Wrist shot by Tyler Ennis.
3:32 of 1st period - Shot Hit the Post.
3:34 of 1st period - Backhand shot by Tyler Ennis.
3:34 of 1st period - Shot Misses the Net.
3:36 of 1st period - Wrist shot by Nazem Kadri.
3:36 of 1st period - Stopped by Pavel Francouz without a rebound.
3:37 of 1st period - Aleksander Barkov wins face-off versus Brayden Point in Maple Leafs zone.
3:50 of 1st period - Luke Schenn is hit by Brayden Point and loses puck.
4:03 of 1st period - Anton Stralman is hit by Evander Kane.
4:09 of 1st period - Wrist shot by Ondrej Kase.
4:09 of 1st period - Shot Misses the Net.
4:11 of 1st period - Snap shot by Ondrej Kase.
4:11 of 1st period - Shot Misses the Net.
4:13 of 1st period - Slapshot by Kristopher Letang.
4:13 of 1st period - Shot Blocked by John Klingberg.
4:33 of 1st period - Slapshot by Nazem Kadri.
4:33 of 1st period - Stopped by Pavel Francouz with a rebound.
4:40 of 1st period - Icing by John Klingberg.
4:41 of 1st period - Anton Lander wins face-off versus Elias Pettersson in Maple Leafs zone.
5:31 of 1st period - Snap shot by Aleksander Barkov.
5:31 of 1st period - Shot Misses the Net.
5:50 of 1st period - Brandon Saad is hit by Kristopher Letang and loses puck.
6:39 of 1st period - Wrist shot by Andre Burakovsky.
6:39 of 1st period - Stopped by Jonathan Quick with a rebound.
6:51 of 1st period - Snap shot by Brayden Point.
6:51 of 1st period - Stopped by Pavel Francouz with a rebound.
6:53 of 1st period - Snap shot by Anton Stralman.
6:53 of 1st period - Shot Blocked by Ben Smith.
6:55 of 1st period - Slapshot by Kristopher Letang.
6:55 of 1st period - Stopped by Pavel Francouz without a rebound.
6:56 of 1st period - Ondrej Kase wins face-off versus Aleksander Barkov in Maple Leafs zone.
7:01 of 1st period - Wrist shot by Sean Monahan.
7:01 of 1st period - Shot Misses the Net.
7:03 of 1st period - Slapshot by Brandon Carlo.
7:03 of 1st period - Stopped by Pavel Francouz with a rebound.
7:05 of 1st period - Slapshot by Brandon Carlo.
7:05 of 1st period - Shot Blocked by Ben Smith.
7:07 of 1st period - Snap shot by Ondrej Kase.
7:07 of 1st period - Goal by Ondrej Kase - Maple Leafs : 0 - Devils : 2.
7:08 of 1st period - Nazem Kadri wins face-off versus Bo Horvat in neutral zone.
7:16 of 1st period - Minor Penalty to Evander Kane for Holding.
7:17 of 1st period - Patrice Cormier wins face-off versus Nazem Kadri in Maple Leafs zone.
9:07 of 1st period - Jonathan Huberdeau is hit by Luke Schenn and loses puck.
9:16 of 1st period - Penalty to Evander Kane is over, Evander Kane is back on ice.
9:22 of 1st period - Wrist shot by Eric Tangradi.
9:22 of 1st period - Shot Misses the Net.
9:36 of 1st period - Snap shot by Evander Kane.
9:36 of 1st period - Stopped by Jonathan Quick with a rebound.
10:07 of 1st period - Snap shot by Evander Kane.
10:07 of 1st period - Shot Misses the Net.
10:17 of 1st period - Snap shot by Evander Kane.
10:17 of 1st period - Shot Blocked by Michael Del Zotto.
10:19 of 1st period - Wrist shot by Evander Kane.
10:19 of 1st period - Shot Blocked by Eric Tangradi.
10:21 of 1st period - Snap shot by Jason Zucker.
10:21 of 1st period - Stopped by Jonathan Quick without a rebound.
10:22 of 1st period - Nazem Kadri wins face-off versus Elias Pettersson in Devils zone.
10:31 of 1st period - Snap shot by Tyler Ennis.
10:31 of 1st period - Shot Misses the Net.
10:33 of 1st period - Snap shot by Nazem Kadri.
10:33 of 1st period - Shot Misses the Net.
10:35 of 1st period - Snap shot by Nazem Kadri.
10:35 of 1st period - Stopped by Pavel Francouz without a rebound.
10:36 of 1st period - Nazem Kadri wins face-off versus Patrice Cormier in Maple Leafs zone.
10:43 of 1st period - Wrist shot by Nick Palmieri.
10:43 of 1st period - Stopped by Pavel Francouz with a rebound.
10:45 of 1st period - Wrist shot by Tyler Ennis.
10:45 of 1st period - Stopped by Pavel Francouz without a rebound.
10:46 of 1st period - Nicholas Baptiste wins face-off versus Nazem Kadri in Maple Leafs zone.
10:57 of 1st period - Patrice Cormier is hit by Nazem Kadri and loses puck.
11:08 of 1st period - Wrist shot by Tyler Ennis.
11:08 of 1st period - Stopped by Pavel Francouz with a rebound.
11:34 of 1st period - Wrist shot by Tyler Ennis.
11:34 of 1st period - Goal by Tyler Ennis - Maple Leafs : 0 - Devils : 3.
11:35 of 1st period - Sean Monahan wins face-off versus Bo Horvat in neutral zone.
11:50 of 1st period - Wrist shot by Andre Burakovsky.
11:50 of 1st period - Shot Blocked by Ondrej Kase.
12:08 of 1st period - Brayden Point is hit by Jon Merrill and loses puck.
12:29 of 1st period - Snap shot by Nazem Kadri.
12:29 of 1st period - Shot Misses the Net.
12:39 of 1st period - Matt Donovan is hit by Pontus Aberg and loses puck.
12:50 of 1st period - Snap shot by Anton Lander.
12:50 of 1st period - Shot Misses the Net.
13:18 of 1st period - Slapshot by Ben Smith.
13:18 of 1st period - Shot Misses the Net.
14:10 of 1st period - Nick Palmieri is hit by Evander Kane and loses puck.
14:57 of 1st period - Zach Werenski is hit by Kristopher Letang and loses puck.
15:48 of 1st period - Ben Smith is hit by Jonathan Huberdeau.
16:12 of 1st period - Jonathan Huberdeau is hit by Aleksander Barkov and loses puck.
16:30 of 1st period - Backhand shot by Sean Monahan.
16:30 of 1st period - Shot Blocked by Luke Schenn.
16:32 of 1st period - Snap shot by Jonathan Huberdeau.
16:32 of 1st period - Stopped by Pavel Francouz with a rebound.
16:34 of 1st period - Slapshot by Brandon Carlo.
16:34 of 1st period - Stopped by Pavel Francouz without a rebound.
16:35 of 1st period - Brayden Point wins face-off versus Bo Horvat in Maple Leafs zone.
16:43 of 1st period - Brayden Point is hit by Bo Horvat and loses puck.
17:04 of 1st period - Slapshot by Elias Pettersson.
17:04 of 1st period - Shot Blocked by Thomas Hickey.
17:14 of 1st period - Snap shot by Nick Palmieri.
17:14 of 1st period - Stopped by Pavel Francouz with a rebound.
18:11 of 1st period - Snap shot by Tyler Ennis.
18:11 of 1st period - Deflect By Nick Palmieri.
18:11 of 1st period - Shot Blocked by Brenden Dillon.
18:11 of 1st period - Puck is out of play.
18:12 of 1st period - Elias Pettersson wins face-off versus Nazem Kadri in Maple Leafs zone.
19:04 of 1st period - Snap shot by Evander Kane.
19:04 of 1st period - Shot Misses the Net.
19:06 of 1st period - Snap shot by Evander Kane.
19:06 of 1st period - Goal by Evander Kane - Maple Leafs : 1 - Devils : 3.
19:07 of 1st period - Nazem Kadri wins face-off versus Bo Horvat in neutral zone.
19:14 of 1st period - Snap shot by Nazem Kadri.
19:14 of 1st period - Shot Misses the Net.
19:22 of 1st period - Slapshot by Tyler Ennis.
19:22 of 1st period - Shot Blocked by Zach Werenski.
19:24 of 1st period - Wrist shot by Tyler Ennis.
19:24 of 1st period - Stopped by Pavel Francouz with a rebound.
19:41 of 1st period - Snap shot by Elias Pettersson.
19:41 of 1st period - Stopped by Jonathan Quick without a rebound.
19:42 of 1st period - Sean Monahan wins face-off versus Bo Horvat in Devils zone.
19:49 of 1st period - Snap shot by Andre Burakovsky.
19:49 of 1st period - Shot Misses the Net.
19:51 of 1st period - Backhand shot by Andre Burakovsky.
19:51 of 1st period - Shot Blocked by Matt Donovan.
19:53 of 1st period - Wrist shot by Bo Horvat.
19:53 of 1st period - Deflect By Andre Burakovsky.
19:53 of 1st period - Shot Misses the Net.
19:53 of 1st period - Puck is out of play.
19:54 of 1st period - Nazem Kadri wins face-off versus Bo Horvat in Devils zone.
Goals for this period are 1 for Maple Leafs vs 3 for Devils.
Shots for this period are 5 for Maple Leafs vs 17 for Devils.
2nd period
0:01 of 2nd period - Nazem Kadri wins face-off versus Bo Horvat in neutral zone.
1:01 of 2nd period - Icing by Matt Donovan.
1:02 of 2nd period - Andre Burakovsky wins face-off versus Sean Monahan in Devils zone.
1:27 of 2nd period - Bo Horvat is hit by Ondrej Kase and loses puck.
2:12 of 2nd period - Snap shot by Ondrej Kase.
2:12 of 2nd period - Stopped by Pavel Francouz without a rebound.
2:13 of 2nd period - Aleksander Barkov wins face-off versus Nazem Kadri in Maple Leafs zone.
2:18 of 2nd period - Slapshot by John Klingberg.
2:18 of 2nd period - Goal by John Klingberg - Maple Leafs : 2 - Devils : 3.
2:19 of 2nd period - Nazem Kadri wins face-off versus Aleksander Barkov in neutral zone.
2:25 of 2nd period - Double Minor Penalty to Anton Stralman for Roughing.
2:26 of 2nd period - Anton Lander wins face-off versus Bo Horvat in Devils zone.
2:26 of 2nd period - Anton Lander is hit by John Klingberg.
5:54 of 2nd period - Matt Donovan is hit by Nicholas Baptiste and loses puck.
6:25 of 2nd period - Penalty to Anton Stralman is over, Anton Stralman is back on ice.
7:01 of 2nd period - Patrice Cormier is hit by Brayden Point and loses puck.
7:27 of 2nd period - Jon Merrill is hit by Eric Tangradi and loses puck.
7:42 of 2nd period - Jonathan Huberdeau is hit by Elias Pettersson and loses puck.
8:39 of 2nd period - Minor Penalty to Michael Del Zotto for Tripping.
8:40 of 2nd period - Bo Horvat wins face-off versus Anton Lander in Devils zone.
10:06 of 2nd period - Anton Stralman is hit by John Klingberg and loses puck.
10:39 of 2nd period - Penalty to Michael Del Zotto is over, Michael Del Zotto is back on ice.
11:07 of 2nd period - Haydn Fleury is hit by Kristopher Letang and loses puck.
11:23 of 2nd period - Minor Penalty to Tye McGinn for Diving.
11:24 of 2nd period - Evander Kane wins face-off versus Nazem Kadri in Maple Leafs zone.
11:41 of 2nd period - Wrist shot by Nazem Kadri.
11:41 of 2nd period - Shot Misses the Net.
13:00 of 2nd period - Jonathan Huberdeau is hit by Ben Smith and loses puck.
13:19 of 2nd period - Snap shot by Logan Shaw.
13:19 of 2nd period - Shot Blocked by John Klingberg.
13:23 of 2nd period - Penalty to Tye McGinn is over, Tye McGinn is back on ice.
13:35 of 2nd period - Pontus Aberg is hit by Brandon Carlo and loses puck.
13:56 of 2nd period - Snap shot by Nicholas Baptiste.
13:56 of 2nd period - Shot Misses the Net.
13:58 of 2nd period - Snap shot by Brandon Saad.
13:58 of 2nd period - Shot Misses the Net.
14:07 of 2nd period - Off-side.
14:08 of 2nd period - Tye McGinn wins face-off versus Logan Shaw in neutral zone.
14:15 of 2nd period - Wrist shot by Nick Palmieri.
14:15 of 2nd period - Shot Misses the Net.
14:17 of 2nd period - Snap shot by Tyler Ennis.
14:17 of 2nd period - Shot Misses the Net.
14:34 of 2nd period - Snap shot by Brandon Saad.
14:34 of 2nd period - Deflect By Anton Stralman.
14:34 of 2nd period - Stopped by Jonathan Quick without a rebound.
14:35 of 2nd period - Evander Kane wins face-off versus Sean Monahan in Devils zone.
14:42 of 2nd period - Slapshot by Evander Kane.
14:42 of 2nd period - Stopped by Jonathan Quick with a rebound.
14:45 of 2nd period - Icing by Thomas Hickey.
14:46 of 2nd period - Bo Horvat wins face-off versus Sean Monahan in Devils zone.
15:47 of 2nd period - Snap shot by Elias Pettersson.
15:47 of 2nd period - Shot Blocked by Thomas Hickey.
16:24 of 2nd period - Snap shot by Patrice Cormier.
16:24 of 2nd period - Shot Blocked by Jonathan Huberdeau.
16:26 of 2nd period - Slapshot by Nicholas Baptiste.
16:26 of 2nd period - Stopped by Jonathan Quick with a rebound.
16:28 of 2nd period - Slapshot by Nicholas Baptiste.
16:28 of 2nd period - Shot Misses the Net.
16:30 of 2nd period - Wrist shot by Zach Werenski.
16:30 of 2nd period - Deflect By Patrice Cormier.
16:30 of 2nd period - Shot Misses the Net.
16:30 of 2nd period - Puck is out of play.
16:31 of 2nd period - Aleksander Barkov wins face-off versus Nazem Kadri in Devils zone.
17:23 of 2nd period - Slapshot by Anton Stralman.
17:23 of 2nd period - Shot Blocked by Haydn Fleury.
17:25 of 2nd period - Wrist shot by Sean Monahan.
17:25 of 2nd period - Shot Blocked by Brenden Dillon.
17:27 of 2nd period - Snap shot by Ondrej Kase.
17:27 of 2nd period - Stopped by Pavel Francouz with a rebound.
17:31 of 2nd period - Wrist shot by Sean Monahan.
17:31 of 2nd period - Stopped by Pavel Francouz without a rebound.
17:32 of 2nd period - Bo Horvat wins face-off versus Nazem Kadri in Maple Leafs zone.
17:50 of 2nd period - Minor Penalty to Evander Kane for Holding.
17:51 of 2nd period - Patrice Cormier wins face-off versus Nazem Kadri in Maple Leafs zone.
18:25 of 2nd period - Kristopher Letang is hit by Ben Smith and loses puck.
19:50 of 2nd period - Penalty to Evander Kane is over, Evander Kane is back on ice.
Goals for this period are 1 for Maple Leafs vs 0 for Devils.
Shots for this period are 4 for Maple Leafs vs 3 for Devils.
3rd period
0:01 of 3rd period - Bo Horvat wins face-off versus Nazem Kadri in neutral zone.
0:17 of 3rd period - Wrist shot by Andre Burakovsky.
0:17 of 3rd period - Stopped by Jonathan Quick without a rebound.
0:18 of 3rd period - Brayden Point wins face-off versus Aleksander Barkov in Devils zone.
0:18 of 3rd period - Brayden Point is hit by Aleksander Barkov.
0:26 of 3rd period - Slapshot by Kristopher Letang.
0:26 of 3rd period - Deflect By Logan Shaw.
0:26 of 3rd period - Stopped by Pavel Francouz with a rebound.
0:32 of 3rd period - Slapshot by Zach Werenski.
0:32 of 3rd period - Shot Blocked by Anton Stralman.
0:34 of 3rd period - Wrist shot by Ben Smith.
0:34 of 3rd period - Goal by Ben Smith - Maple Leafs : 3 - Devils : 3.
0:35 of 3rd period - Andre Burakovsky wins face-off versus Nazem Kadri in neutral zone.
1:10 of 3rd period - Wrist shot by Pontus Aberg.
1:10 of 3rd period - Goal by Pontus Aberg - Maple Leafs : 4 - Devils : 3.
1:11 of 3rd period - Brayden Point wins face-off versus Bo Horvat in neutral zone.
1:14 of 3rd period - Slapshot by Anton Stralman.
1:14 of 3rd period - Stopped by Pavel Francouz with a rebound.
1:37 of 3rd period - Jason Zucker is hit by Nick Palmieri and loses puck.
2:45 of 3rd period - Wrist shot by Elias Pettersson.
2:45 of 3rd period - Stopped by Jonathan Quick with a rebound.
2:47 of 3rd period - Snap shot by Tye McGinn.
2:47 of 3rd period - Stopped by Jonathan Quick with a rebound.
2:49 of 3rd period - Wrist shot by Haydn Fleury.
2:49 of 3rd period - Stopped by Jonathan Quick without a rebound.
2:50 of 3rd period - Nick Palmieri wins face-off versus Bo Horvat in Devils zone.
2:57 of 3rd period - Slapshot by Tyler Ennis.
2:57 of 3rd period - Stopped by Pavel Francouz with a rebound.
2:59 of 3rd period - Slapshot by Michael Del Zotto.
2:59 of 3rd period - Stopped by Pavel Francouz with a rebound.
3:01 of 3rd period - Wrist shot by Michael Del Zotto.
3:01 of 3rd period - Goal by Michael Del Zotto - Maple Leafs : 4 - Devils : 4.
3:02 of 3rd period - Bo Horvat wins face-off versus Nazem Kadri in neutral zone.
3:02 of 3rd period - Bo Horvat is hit by Anton Stralman.
3:07 of 3rd period - Off-side.
3:08 of 3rd period - Bo Horvat wins face-off versus Nazem Kadri in neutral zone.
3:10 of 3rd period - Zach Werenski is hit by Kristopher Letang and loses puck.
3:13 of 3rd period - Snap shot by Andre Burakovsky.
3:13 of 3rd period - Deflect By Evander Kane.
3:13 of 3rd period - Stopped by Jonathan Quick with a rebound.
3:15 of 3rd period - Snap shot by Zach Werenski.
3:15 of 3rd period - Deflect By Andre Burakovsky.
3:15 of 3rd period - Stopped by Jonathan Quick with a rebound.
3:17 of 3rd period - Snap shot by Bo Horvat.
3:17 of 3rd period - Stopped by Jonathan Quick without a rebound.
3:18 of 3rd period - Bo Horvat wins face-off versus Nazem Kadri in Devils zone.
3:59 of 3rd period - Snap shot by Logan Shaw.
3:59 of 3rd period - Shot Misses the Net.
4:05 of 3rd period - Sven Baertschi is hit by Aleksander Barkov and loses puck.
4:12 of 3rd period - Slapshot by Jason Zucker.
4:12 of 3rd period - Shot Misses the Net.
4:28 of 3rd period - Slapshot by Zach Werenski.
4:28 of 3rd period - Shot Misses the Net.
4:30 of 3rd period - Snap shot by Jason Zucker.
4:30 of 3rd period - Stopped by Jonathan Quick with a rebound.
4:42 of 3rd period - Snap shot by Aleksander Barkov.
4:42 of 3rd period - Shot Misses the Net.
4:44 of 3rd period - Wrist shot by John Klingberg.
4:44 of 3rd period - Shot Blocked by Michael Del Zotto.
5:08 of 3rd period - Snap shot by Ben Smith.
5:08 of 3rd period - Stopped by Jonathan Quick without a rebound.
5:09 of 3rd period - Nazem Kadri wins face-off versus Evander Kane in Devils zone.
5:15 of 3rd period - Icing by Tyler Ennis.
5:16 of 3rd period - Bo Horvat wins face-off versus Nazem Kadri in Devils zone.
5:19 of 3rd period - Slapshot by Bo Horvat.
5:19 of 3rd period - Shot Misses the Net.
5:21 of 3rd period - Snap shot by Jon Merrill.
5:21 of 3rd period - Shot Blocked by Anton Stralman.
5:25 of 3rd period - Slapshot by Andre Burakovsky.
5:25 of 3rd period - Stopped by Jonathan Quick with a rebound.
5:27 of 3rd period - Snap shot by Andre Burakovsky.
5:27 of 3rd period - Shot Misses the Net.
5:29 of 3rd period - Slapshot by Jon Merrill.
5:29 of 3rd period - Shot Blocked by Kristopher Letang.
5:31 of 3rd period - Backhand shot by Bo Horvat.
5:31 of 3rd period - Shot Misses the Net.
5:33 of 3rd period - Slapshot by Luke Schenn.
5:33 of 3rd period - Shot Blocked by Nazem Kadri.
5:35 of 3rd period - Snap shot by Bo Horvat.
5:35 of 3rd period - Shot Blocked by Anton Stralman.
5:37 of 3rd period - Wrist shot by Bo Horvat.
5:37 of 3rd period - Shot Blocked by Nick Palmieri.
5:39 of 3rd period - Snap shot by Andre Burakovsky.
5:39 of 3rd period - Stopped by Jonathan Quick with a rebound.
5:41 of 3rd period - Wrist shot by Bo Horvat.
5:41 of 3rd period - Shot Misses the Net.
5:43 of 3rd period - Slapshot by Jon Merrill.
5:43 of 3rd period - Shot Hit the Post.
5:45 of 3rd period - Wrist shot by Evander Kane.
5:45 of 3rd period - Stopped by Jonathan Quick with a rebound.
5:47 of 3rd period - Snap shot by Andre Burakovsky.
5:47 of 3rd period - Shot Misses the Net.
5:49 of 3rd period - Wrist shot by Bo Horvat.
5:49 of 3rd period - Stopped by Jonathan Quick with a rebound.
5:51 of 3rd period - Snap shot by Andre Burakovsky.
5:51 of 3rd period - Goal by Andre Burakovsky - Maple Leafs : 5 - Devils : 4.
5:52 of 3rd period - Sean Monahan wins face-off versus Elias Pettersson in neutral zone.
6:19 of 3rd period - Andre Burakovsky is hit by Nazem Kadri and loses puck.
6:36 of 3rd period - Minor Penalty to Evander Kane for Interference.
6:37 of 3rd period - Patrice Cormier wins face-off versus Nazem Kadri in Maple Leafs zone.
6:44 of 3rd period - Wrist shot by Tyler Ennis.
6:44 of 3rd period - Stopped by Pavel Francouz without a rebound.
6:45 of 3rd period - Patrice Cormier wins face-off versus Nazem Kadri in Maple Leafs zone.
7:24 of 3rd period - Snap shot by Sean Monahan.
7:24 of 3rd period - Shot Misses the Net.
8:30 of 3rd period - Jon Merrill is hit by Brayden Point and loses puck.
8:36 of 3rd period - Penalty to Evander Kane is over, Evander Kane is back on ice.
9:32 of 3rd period - Sven Baertschi is hit by Evander Kane and loses puck.
9:42 of 3rd period - Icing by Brayden Point.
9:43 of 3rd period - Elias Pettersson wins face-off versus Anton Lander in Devils zone.
10:00 of 3rd period - Jon Merrill is hit by Ondrej Kase and loses puck.
10:35 of 3rd period - Luke Schenn is hit by Nazem Kadri and loses puck.
11:16 of 3rd period - Brandon Carlo is hit by Aleksander Barkov.
11:19 of 3rd period - Off-side.
11:20 of 3rd period - Sean Monahan wins face-off versus Evander Kane in neutral zone.
12:08 of 3rd period - Snap shot by Anton Lander.
12:08 of 3rd period - Stopped by Pavel Francouz with a rebound.
12:10 of 3rd period - Minor Penalty to Nicholas Baptiste for Roughing.
12:11 of 3rd period - Evander Kane wins face-off versus Tyler Ennis in Maple Leafs zone.
12:42 of 3rd period - Michael Del Zotto is hit by Ben Smith and loses puck.
13:31 of 3rd period - Sean Monahan is hit by Jason Zucker and loses puck.
13:44 of 3rd period - Tyler Ennis is hit by Brandon Saad.
14:10 of 3rd period - Penalty to Nicholas Baptiste is over, Nicholas Baptiste is back on ice.
14:16 of 3rd period - John Klingberg is hit by Nail Yakupov and loses puck.
14:23 of 3rd period - Slapshot by Eric Tangradi.
14:23 of 3rd period - Shot Misses the Net.
15:20 of 3rd period - Wrist shot by Aleksander Barkov.
15:20 of 3rd period - Shot Misses the Net.
15:22 of 3rd period - Slapshot by Jon Merrill.
15:22 of 3rd period - Stopped by Jonathan Quick with a rebound.
16:22 of 3rd period - Brenden Dillon is hit by Brandon Carlo and loses puck.
16:43 of 3rd period - Nazem Kadri is hit by Brenden Dillon and loses puck.
17:10 of 3rd period - Snap shot by Anton Lander.
17:10 of 3rd period - Shot Misses the Net.
17:37 of 3rd period - Wrist shot by Sven Baertschi.
17:37 of 3rd period - Stopped by Pavel Francouz with a rebound.
18:21 of 3rd period - Tyler Ennis is hit by Aleksander Barkov.
18:56 of 3rd period - Devils, Jonathan Quick is pulled from the net.
19:00 of 3rd period - Wrist shot by Tyler Ennis.
19:00 of 3rd period - Shot Blocked by Ben Smith.
19:02 of 3rd period - Wrist shot by Nick Palmieri.
19:02 of 3rd period - Shot Misses the Net.
19:04 of 3rd period - Snap shot by Brandon Carlo.
19:04 of 3rd period - Goal by Brandon Carlo - Maple Leafs : 5 - Devils : 5.
19:04 of 3rd period - Jonathan Quick from Devils was sent back in the game.
19:05 of 3rd period - Elias Pettersson wins face-off versus Sven Baertschi in neutral zone.
19:27 of 3rd period - John Klingberg is hit by Brayden Point and loses puck.
19:59 of 3rd period - Off-side.
Goals for this period are 3 for Maple Leafs vs 2 for Devils.
Shots for this period are 17 for Maple Leafs vs 9 for Devils.
Overtime #1
0:01 of 1st overtime period - Nazem Kadri wins face-off versus Evander Kane in neutral zone.
0:04 of 1st overtime period - Snap shot by Brandon Carlo.
0:04 of 1st overtime period - Deflect By Evander Kane.
0:04 of 1st overtime period - Stopped by Pavel Francouz with a rebound.
0:06 of 1st overtime period - Slapshot by Brandon Carlo.
0:06 of 1st overtime period - Shot Blocked by Evander Kane.
0:08 of 1st overtime period - Slapshot by Tyler Ennis.
0:08 of 1st overtime period - Stopped by Pavel Francouz with a rebound.
0:14 of 1st overtime period - Snap shot by Nazem Kadri.
0:14 of 1st overtime period - Shot Blocked by Evander Kane.
4:32 of 1st overtime period - Kristopher Letang is hit by Tye McGinn and loses puck.
Goals for this period are 0 for Maple Leafs vs 0 for Devils.
Shots for this period are 0 for Maple Leafs vs 2 for Devils.
ShootOut
5:00 of 1st overtime period - Round #1.
5:00 of 1st overtime period - Maple Leafs, Evander Kane.
5:00 of 1st overtime period - Deke by Evander Kane.
5:00 of 1st overtime period - Goal by Evander Kane.
5:00 of 1st overtime period - Devils, Tyler Ennis.
5:00 of 1st overtime period - Wrist shot by Tyler Ennis.
5:00 of 1st overtime period - Stopped by Pavel Francouz.
5:00 of 1st overtime period - Round #2.
5:00 of 1st overtime period - Maple Leafs, Ben Smith.
5:00 of 1st overtime period - Wrist shot by Ben Smith.
5:00 of 1st overtime period - Goal by Ben Smith.
5:00 of 1st overtime period - Devils, Sean Monahan.
5:00 of 1st overtime period - Backhand shot by Sean Monahan.
5:00 of 1st overtime period - Stopped by Pavel Francouz.
5:00 of 1st overtime period - Round #3.